Cogmind - Beta 11 X4 @@@ ROGUE MODE // 2021.05.09 @ 20:30:10 Player: Terminus Result: Self-destructed Performance ------------- Evolutions (3) 1500 Regions Visited (10) 2000 Robots Destroyed (180) 900 Value Destroyed (4720) 4720 Prototype IDs (14) 280 Alien Tech Used (0) 0 Bonus (97) 97 TOTAL SCORE: 9497 Bonus ------- High Alert Combat Kills 8 Follower Combat Kills 206 Friendly Fire -117 Cogmind --------- Core Integrity 607/700 Matter 294/300 Energy 100/100 System Corruption 9% Temperature Cool (0) Movement Core (50) Location -7/Waste Parts ------- > --- POWER (1) -------- (None) > --- PROPULSION (3) --- (None) > --- UTILITY (7) ------ Cooling System Improved Sensor Array Improved Signal Interpreter Advanced Targeting Computer Improved Armor Integrity Analyzer Hacking Suite > --- WEAPON (2) ------- (None) > --- INVENTORY (5) ---- Light Treads Improved Heat Sink Improved Medium Armor Plating Gatling Laser Plasma Cannon Peak State ------------ > --- POWER ------------ Heavy Deuterium Engine > --- PROPULSION ------- Light Treads Advanced Treads Medium Treads > --- UTILITY ---------- Cooling System Huge Storage Unit Improved Sensor Array Improved Signal Interpreter Advanced Targeting Computer Improved Armor Integrity Analyzer Hacking Suite > --- WEAPON ----------- Gatling Laser Gatling Laser > --- INVENTORY -------- Improved Ion Engine Improved Ion Engine Improved Deuterium Engine Light Treads Light Treads Light Treads Improved Heat Sink Cooling System Cooling System Machine Analyzer Improved Sensor Array Hardened Medium Armor Plating Hardened Medium Armor Plating Hardened Medium Armor Plating Improved Medium Armor Plating Advanced Beam Rifle Advanced Beam Rifle Advanced Beam Rifle Advanced Beam Rifle Gatling Laser Plasma Cannon Plasma Cannon Advanced EMP Blaster Rocket Launcher Scythe [Rating: 48] Favorites ----------- Power Heavy Ion Engine Engine Heavy Ion Engine Propulsion Light Treads Treads Light Treads Utility Cooling System Device Cooling System Storage High-capacity Storage Unit Processor Improved Signal Interpreter Hackware Hacking Suite Protection Medium Armor Plating Weapon Advanced Beam Cannon Energy Gun Gatling Laser Energy Cannon Advanced Beam Cannon Ballistic Gun Autogun Ballistic Cannon Light Cannon Launcher Grenade Launcher Slashing Weapon Scythe Build | -11 -10 -10 -9 -9 -9 -8 -8 -8 -7 -7 ------- Run | Scr Mat Min Mat Min Exi Min Mat Sto Fac Was Slots Evolved 6 | . . . 2 . . . 2 . 2 . Power . | . . . . . . . . . . . Propulsion 1 | . . . . . . . 1 . . . Utility 5 | . . . 2 . . . 1 . 2 . Weapon . | . . . . . . . . . . . Parts Attached 132 | 6 13 2 22 5 1 2 36 21 23 1 Power 11 | 1 1 . 4 . . . 2 1 2 . Engine 11 | 1 1 . 4 . . . 2 1 2 . Core . | . . . . . . . . . . . Reactor . | . . . . . . . . . . . Propulsion 24 | 2 3 1 3 . . . 9 2 4 . Treads 24 | 2 3 1 3 . . . 9 2 4 . Leg . | . . . . . . . . . . . Wheel . | . . . . . . . . . . . Hover . | . . . . . . . . . . . Flight . | . . . . . . . . . . . Utility 42 | 1 4 1 8 1 1 2 10 6 7 1 Device 11 | . . . 2 . . 1 3 2 3 . Storage 7 | 1 3 . . . 1 . 1 1 . . Processor 3 | . . . . . . . . . 2 1 Hackware 1 | . . . . . . . . . 1 . Protection 20 | . 1 1 6 1 . 1 6 3 1 . Artifact . | . . . . . . . . . . . Weapon 55 | 2 5 . 7 4 . . 15 12 10 . Energy Gun 25 | . 1 . 1 . . . 8 9 6 . Energy Cannon 12 | . . . 6 2 . . 3 . 1 . Ballistic Gun 6 | 2 3 . . . . . . . 1 . Ballistic Cannon 2 | . 1 . . . . . . . 1 . Launcher 8 | . . . . 2 . . 4 2 . . Special Weapon . | . . . . . . . . . . . Impact Weapon . | . . . . . . . . . . . Slashing Weapon 2 | . . . . . . . . 1 1 . Piercing Weapon . | . . . . . . . . . . . Special Melee Weapon . | . . . . . . . . . . . Unidentified Prototypes 14 | . . . 3 . . . 2 6 3 . Parts Lost 26 | . 1 . 1 1 . . 9 6 5 3 Power 4 | . . . . . . . 1 1 1 1 Propulsion 4 | . . . . . . . . 1 2 1 Utility 8 | . . . 1 1 . . 4 2 . . Weapon 10 | . 1 . . . . . 4 2 2 1 Highest Loss Streak 4 | . 1 . 1 1 . . 4 3 3 3 Average Slot Usage (%) 99 | . 98 100 99 99 100 99 99 99 99 100 Engine 10 | . 14 14 11 11 11 11 8 9 6 7 Treads 24 | . 27 28 22 22 22 22 26 26 22 23 Device 12 | . . . 11 11 11 11 17 23 16 15 Storage 10 | . 14 14 11 11 11 11 9 9 7 7 Processor 1 | . . . . . . . . . 15 17 Protection 16 | . 13 14 21 21 22 21 17 12 7 4 Energy Gun 6 | . 3 . . . . . 14 17 12 15 Energy Cannon 9 | . . . 21 18 22 22 3 . . . Ballistic Gun 5 | . 22 28 . . . . . . . . Naked Turns . | . . . . . . . . . . . Heaviest Build 119 | 13 54 54 72 72 72 72 107 119 114 110 Greatest Support 73 | 40 40 40 40 40 40 40 66 66 73 70 Greatest Overweight (x) 4 | 4 1 1 1 1 1 1 1 1 1 1 Average Overweight (x) . | . . 1 1 1 1 1 . 1 1 1 Largest Inventory Capacity 25 | 8 20 20 20 20 20 20 25 25 25 25 Average Capacity 20 | 7 16 20 20 20 20 20 20 25 25 25 Most Carried 25 | 2 20 20 20 20 20 20 25 25 25 25 Average Carried 19 | 1 13 19 19 19 19 19 19 24 24 25 Final Capacity 25 | 8 20 20 20 20 20 20 25 25 25 5 Final Carried 25 | 2 20 19 20 19 19 20 25 25 25 5 Class Distribution -------------------- 81% | Mutant 16% | Scavenger-Mutant Dominant Class ---------------- Mutant | -10/Materials Mutant | -10/Mines Scavenger-Mutant | -9/Materials Mutant | -9/Mines Mutant | -9/Exiles Mutant | -8/Mines Mutant | -8/Materials Mutant | -8/Storage Mutant | -7/Factory Mutant | -7/Waste Resources | -11 -10 -10 -9 -9 -9 -8 -8 -8 -7 -7 ----------- Run | Scr Mat Min Mat Min Exi Min Mat Sto Fac Was Matter Collected 1910 | 239 405 52 200 161 . 22 405 197 229 . Remotely . | . . . . . . . . . . . Salvage Created 6916 | . 570 72 1238 256 . 188 2279 1537 776 . Parts 354 | . 38 9 78 16 . 11 96 74 32 . Haulers Intercepted 19 | . 2 . 5 . . . 5 6 1 . Recyclers Shooed 13 | . . 1 4 1 . . 4 1 2 . Parts Field Recycled . | . . . . . . . . . . . Retrieved Matter . | . . . . . . . . . . . Parts Self-Destructed . | . . . . . . . . . . . Prevented . | . . . . . . . . . . . Kills | -11 -10 -10 -9 -9 -9 -8 -8 -8 -7 -7 ------- Run | Scr Mat Min Mat Min Exi Min Mat Sto Fac Was Combat Hostiles Destroyed 124 | . 15 3 19 17 . 2 32 24 12 . Guns 74 | . 15 3 . . . . 22 24 10 . Cannons 30 | . . . 18 5 . 2 4 . 1 . AOE 16 | . . . . 11 . . 5 . . . Classes Destroyed 16 | . 4 1 2 3 . . 3 1 2 . Worker 6 | . . . . 1 . . 2 2 1 . Builder 3 | . . 1 1 . . . . 1 . . Tunneler 2 | . . . . . . . 2 . . . Hauler 19 | . 2 . 5 . . . 5 6 1 . Recycler 17 | . . . 2 . . 1 6 5 3 . Operator 3 | . . . . . . . . 3 . . Watcher 11 | . 1 . 4 . . . 3 2 1 . Swarmer 33 | . 6 3 7 7 . . 4 6 . . Grunt 49 | . 9 . 6 3 . 2 17 8 4 . Brawler 2 | . . . . . . . 1 . 1 . Duelist 1 | . . . . . . . . . 1 . Sentry 25 | . . . 7 . . . 9 7 2 . Demolisher 4 | . . . . 1 . . . 3 . . Hunter 2 | . . . . . . . 1 . 1 . Programmer 3 | . . . . . . . . . 3 . Assembled 6 | . . . . 6 . . . . . . Best Kill Streak 7 | . 4 3 4 5 . 2 7 4 5 . Combat Bots Only 5 | . 4 3 4 4 . 1 5 4 4 . Max Kills in Single Turn 3 | . 1 1 2 3 . 1 2 2 1 . Gunslinging 1 | . . . . . . . . 1 . . Exploded 3 | . . . . 3 . . 2 . . . Melee . | . . . . . . . . . . . Uniques/NPCs Destroyed . | . . . . . . . . . . . Combat | -11 -10 -10 -9 -9 -9 -8 -8 -8 -7 -7 -------- Run | Scr Mat Min Mat Min Exi Min Mat Sto Fac Was Damage Taken 5467 | . 748 39 503 356 . 176 1808 1001 736 100 Core 589 | . 128 . 68 18 . . 153 129 93 . Absorbed by Shields . | . . . . . . . . . . . Core Remaining (%) 68 | 100 . 48 . . . 78 . 48 . . Volleys Fired 416 | . 72 4 65 20 . 10 132 67 40 6 Largest 2 | . 2 2 2 2 . 2 2 2 2 2 Hottest 160 | . 60 46 136 136 . 136 143 160 160 160 Shots Fired 808 | . 142 8 128 29 . 20 257 133 79 12 Gun 528 | . 142 8 . . . . 159 133 74 12 Cannon 262 | . . . 128 18 . 20 91 . 5 . Launcher 18 | . . . . 11 . . 7 . . . Special . | . . . . . . . . . . . Kinetic 142 | . 134 8 . . . . . . . . Thermal 648 | . 8 . 128 18 . 20 250 133 79 12 Explosive 18 | . . . . 11 . . 7 . . . Electromagnetic . | . . . . . . . . . . . Robot Hit Streak 31 | . 13 4 9 6 . 6 17 17 21 31 Robot Miss Streak 6 | . 4 2 3 5 . 2 3 6 5 1 Penetration Max . | . . . . . . . . . . . Secondary Targets 4 | . 1 . . . . . 1 2 . . Max Gunslinging Chain 1 | . 1 . . . . . 1 1 . . Shots Hit Robots 606 | . 103 4 76 11 . 14 195 118 73 12 Core Hits 329 | . 34 4 34 29 . 6 84 83 49 6 Critical Kills 2 | . . . 1 1 . . . . . . Critical Parts Destroyed . | . . . . . . . . . . . Critical Strikes 10 | . . . 1 1 . . 8 . . . Burn 8 | . . . . . . . 8 . . . Meltdown 2 | . . . 1 1 . . . . . . Melee Attacks 5 | . . . . . . . . 1 4 . Impact . | . . . . . . . . . . . Slashing 5 | . . . . . . . . 1 4 . Piercing . | . . . . . . . . . . . Sneak Attacks . | . . . . . . . . . . . Combat Hostiles . | . . . . . . . . . . . Follow-up Attacks . | . . . . . . . . . . . Damage Inflicted 13354 | . 1123 107 1690 995 . 296 4307 2678 1786 372 Guns 7959 | . 1088 75 . . . . 2235 2533 1656 372 Cannons 3802 | . . . 1663 182 . 285 1545 . 127 . Explosions 1210 | . . . . 738 . . 472 . . . Melee . | . . . . . . . . . . . Ramming 383 | . 35 32 27 75 . 11 55 145 3 . Kinetic 1107 | . 1032 75 . . . . . . . . Thermal 10654 | . 56 . 1663 182 . 285 3780 2533 1783 372 Explosive 1210 | . . . . 738 . . 472 . . . Electromagnetic . | . . . . . . . . . . . Impact . | . . . . . . . . . . . Slashing . | . . . . . . . . . . . Piercing . | . . . . . . . . . . . Highest Corruption 9 | . 1 1 . . . . 1 1 4 9 Average Corruption 1 | . 1 1 . . . . 1 1 2 7 Corruption Purged . | . . . . . . . . . . . Effects 39 | . 7 6 . . . . 1 10 13 2 Message Errors 20 | . 5 3 . . . . 1 4 6 1 Matter Fused 3 | . . . . . . . . . 3 . Heat Flow Errors 2 | . . . . . . . . . 1 1 Energy Discharges 8 | . . 1 . . . . . 5 2 . Data Loss (minor) 3 | . 1 2 . . . . . . . . Weapon Failures 3 | . 1 . . . . . . 1 1 . Overload Shots . | . . . . . . . . . . . Overflow Damage 88 | . . . 40 . . . 48 . . . Projectiles 88 | . . . 40 . . . 48 . . . Explosions . | . . . . . . . . . . . Melee . | . . . . . . . . . . . Knockbacks 4 | . 1 1 1 . . 1 . . . . Impact 4 | . 1 1 1 . . 1 . . . . Kinetic . | . . . . . . . . . . . Secondary . | . . . . . . . . . . . Self-Inflicted Damage . | . . . . . . . . . . . Shots . | . . . . . . . . . . . Rammed 44 | . 6 6 5 7 . 2 7 10 1 . Targets Rammed 51 | . 7 6 5 7 . 2 8 15 1 . Kicked . | . . . . . . . . . . . Crushed 7 | . 1 . . . . . 1 5 . . Highest Temperature 327 | . 99 24 162 82 . 171 327 22 208 148 Average Temperature 33 | . 17 11 40 24 . 63 76 7 62 26 Received Heat Transfer 1807 | . 300 . 66 40 . 90 972 243 96 . Siege Activations . | . . . . . . . . . . . Robots Corrupted . | . . . . . . . . . . . Combat Hostiles . | . . . . . . . . . . . Parts Fried . | . . . . . . . . . . . Impact Corruptions . | . . . . . . . . . . . Robots Melted 6 | . . . 1 1 . . 2 1 1 . Combat Hostiles 4 | . . . 1 1 . . 1 . 1 . Parts Melted 48 | . . . 7 2 . . 20 8 11 . Heat Transferred 22276 | . 125 . 3034 333 . 518 7844 5747 3825 850 Parts Sabotaged . | . . . . . . . . . . . Parts Stolen . | . . . . . . . . . . . Parts Stripped . | . . . . . . . . . . . Power Chain Reactions . | . . . . . . . . . . . Missiles Intercepted . | . . . . . . . . . . . Alert | -11 -10 -10 -9 -9 -9 -8 -8 -8 -7 -7 ------- Run | Scr Mat Min Mat Min Exi Min Mat Sto Fac Was Peak Influence 440 | . 287 70 440 251 . 100 354 317 237 43 Initial 161 | . . 48 . 161 . . . 125 122 43 Average 133 | . 147 19 196 60 . 15 167 179 127 42 Maximum Alert Level 2 | . 1 . 2 1 . . 1 1 1 . Low Security (%) 73 | 100 75 100 55 99 . 100 63 57 70 100 Level 1 22 | . 24 . 23 . . . 36 42 29 . Level 2 4 | . . . 20 . . . . . . . Level 3 . | . . . . . . . . . . . Level 4 . | . . . . . . . . . . . Level 5 . | . . . . . . . . . . . High Security . | . . . . . . . . . . . Max Security . | . . . . . . . . . . . Squads Dispatched 22 | . 3 . 3 1 . . 4 4 7 . Investigation 3 | . 2 . 1 . . . . . . . Extermination 2 | . . . . . . . . . 2 . Reinforcement 11 | . 1 . 2 1 . . 3 2 2 . Assault 2 | . . . . . . . . 2 . . Garrison 4 | . . . . . . . 1 . 3 . Intercept . | . . . . . . . . . . . Construction Impeded 2 | . . . . 1 . . . . 1 . Haulers Reinforced 1 | . . . . . . . . . 1 . Cargo Convoy Interrupts . | . . . . . . . . . . . Stealth | -11 -10 -10 -9 -9 -9 -8 -8 -8 -7 -7 --------- Run | Scr Mat Min Mat Min Exi Min Mat Sto Fac Was Distress Signals 11 | . 2 . 2 . . . 3 3 1 . Communications Jammed . | . . . . . . . . . . . Distress Signals . | . . . . . . . . . . . Times Spotted 225 | . 29 5 45 32 . 5 51 39 14 5 Peak Tracking Total 8 | . 5 3 5 8 . 3 6 7 4 5 Tactical Retreats 14 | . . . 9 1 . 2 1 1 . . Traps | -11 -10 -10 -9 -9 -9 -8 -8 -8 -7 -7 ------- Run | Scr Mat Min Mat Min Exi Min Mat Sto Fac Was Traps Triggered 7 | . 2 . 1 . . . 1 1 2 . Indirectly . | . . . . . . . . . . . Trap Hack Attempts . | . . . . . . . . . . . Triggered . | . . . . . . . . . . . Disarmed . | . . . . . . . . . . . Reprogrammed . | . . . . . . . . . . . Reused . | . . . . . . . . . . . Traps Extracted . | . . . . . . . . . . . Installed . | . . . . . . . . . . . Triggered . | . . . . . . . . . . . Machines | -11 -10 -10 -9 -9 -9 -8 -8 -8 -7 -7 ---------- Run | Scr Mat Min Mat Min Exi Min Mat Sto Fac Was Machines Disabled 9 | . 1 . 5 1 . . 1 1 . . Max in Single Turn 1 | . 1 . 1 1 . . 1 1 . . Garrison Access 2 | . . . . . . . 1 1 . . Machines Sabotaged . | . . . . . . . . . . . Garrisons Compromised . | . . . . . . . . . . . Overloaded Fab Kills . | . . . . . . . . . . . Fab Network Shutdowns . | . . . . . . . . . . . Hacking | -11 -10 -10 -9 -9 -9 -8 -8 -8 -7 -7 --------- Run | Scr Mat Min Mat Min Exi Min Mat Sto Fac Was Machines Accessed 51 | . 9 . 12 . 1 . 12 14 3 . Terminals 38 | . 6 . 10 . . . 9 11 2 . Fabricators 1 | . . . . . . . . . 1 . Repair Stations 7 | . 1 . 2 . . . 2 2 . . Recycling Units 2 | . 2 . . . . . . . . . Scanalyzers . | . . . . . . . . . . . Garrison Access 2 | . . . . . . . 1 1 . . Total Hacks 148 | . 27 . 36 . 5 . 45 27 8 . Successful 90 | . 16 . 22 . 5 . 27 15 5 . Failed 58 | . 11 . 14 . . . 18 12 3 . Catastrophic 7 | . 1 . 1 . . . 2 3 . . Database Lockouts . | . . . . . . . . . . . Manual 88 | . 18 . 28 . . . 29 10 3 . Terminals 105 | . 16 . 30 . . . 33 21 5 . Fabricators 3 | . . . . . . . . . 3 . Repair Stations 30 | . 9 . 6 . . . 11 4 . . Recycling Units 2 | . 2 . . . . . . . . . Scanalyzers . | . . . . . . . . . . . Garrison Access 3 | . . . . . . . 1 2 . . Terminal Hacks 35 | . 4 . 7 . 5 . 8 9 2 . Record 6 | . . . . . 5 . 1 . . . Part Schematic 2 | . . . 1 . . . . 1 . . Open Door 5 | . . . . . . . . 5 . . Branch Access Points 2 | . . . 1 . . . . . 1 . Terminal Index 5 | . 1 . 1 . . . 1 1 1 . Alert Level 7 | . 2 . 1 . . . 2 2 . . Unreport Threat 3 | . . . 1 . . . 2 . . . Zone Layout 5 | . 1 . 2 . . . 2 . . . Fabricator Hacks 2 | . . . . . . . . . 2 . Load Schematic 1 | . . . . . . . . . 1 . Build 1 | . . . . . . . . . 1 . Repair Station Hacks 23 | . 7 . 5 . . . 10 1 . . Scan Component 13 | . 4 . 3 . . . 5 1 . . Repair 10 | . 3 . 2 . . . 5 . . . Recycling Unit Hacks . | . . . . . . . . . . . Scanalyzer . | . . . . . . . . . . . Garrison Access Hacks 2 | . . . . . . . 1 1 . . Seal Access 2 | . . . . . . . 1 1 . . Unauthorized Hacks 28 | . 5 . 10 . . . 8 4 1 . Terminals 26 | . 3 . 10 . . . 8 4 1 . Track 1 | . . . 1 . . . . . . . Botnet 24 | . 3 . 8 . . . 8 4 1 . Disrupt 1 | . . . 1 . . . . . . . Fabricators . | . . . . . . . . . . . Repair Stations . | . . . . . . . . . . . Recycling Units 2 | . 2 . . . . . . . . . Tunnel 2 | . 2 . . . . . . . . . Scanalyzers . | . . . . . . . . . . . Garrison Access . | . . . . . . . . . . . Data Cores Recovered 1 | . . . . . . . . 1 . . Used 1 | . . . . . . . . 1 . . Hacking Detections 41 | . 6 . 11 . . . 11 10 3 . Full Trace Events 1 | . . . . . . . 1 . . . Feedback Events . | . . . . . . . . . . . Feedback Blocked . | . . . . . . . . . . . Robot Schematics Acquired . | . . . . . . . . . . . Robots Built . | . . . . . . . . . . . Matter . | . . . . . . . . . . . Time . | . . . . . . . . . . . Total Robot Build Rating . | . . . . . . . . . . . Part Schematics Acquired 2 | . . . 1 . . . . 1 . . Parts Built 1 | . . . . . . . . . 1 . Matter 190 | . . . . . . . . . 190 . Time 95 | . . . . . . . . . 95 . Total Part Build Rating 5 | . . . . . . . . . 5 . Parts Repaired 10 | . 3 . 2 . . . 5 . . . Time 306 | . 88 . 64 . . . 154 . . . Parts Recycled . | . . . . . . . . . . . Recycled Matter . | . . . . . . . . . . . Retrieved Matter . | . . . . . . . . . . . Retrieved Components . | . . . . . . . . . . . Parts Scanalyzed . | . . . . . . . . . . . Part Schematics Acquired . | . . . . . . . . . . . Parts Damaged . | . . . . . . . . . . . Bothacking | -11 -10 -10 -9 -9 -9 -8 -8 -8 -7 -7 ------------ Run | Scr Mat Min Mat Min Exi Min Mat Sto Fac Was Used RIF Installer . | . . . . . . . . . . . Robots Hacked . | . . . . . . . . . . . Non-combat . | . . . . . . . . . . . Combat . | . . . . . . . . . . . Robot Hacks Applied . | . . . . . . . . . . . Relay Couplers Released 3 | . . . . . . . . . 3 . Programmers 3 | . . . . . . . . . 3 . Robots Rewired . | . . . . . . . . . . . Allies Hacked . | . . . . . . . . . . . Hacks Repelled . | . . . . . . . . . . . Allies | -11 -10 -10 -9 -9 -9 -8 -8 -8 -7 -7 -------- Run | Scr Mat Min Mat Min Exi Min Mat Sto Fac Was Total Allies 15 | . . 3 . . . . . 12 . . Largest Group 12 | . . 3 3 . . . . 12 . . Highest-Rated Group 235 | . . 40 40 . . . . 235 . . Highest-Rated Ally 31 | . . 16 16 . . . . 31 . . Total Orders . | . . . . . . . . . . . Ally Attacks 70 | . . . 25 . . . . 45 . . Total Damage 862 | . . . 240 . . . . 622 . . Kills 10 | . . . 5 . . . . 5 . . Allies Corrupted . | . . . . . . . . . . . Allies Melted . | . . . . . . . . . . . Intel | -11 -10 -10 -9 -9 -9 -8 -8 -8 -7 -7 ------- Run | Scr Mat Min Mat Min Exi Min Mat Sto Fac Was Robot Analysis Total . | . . . . . . . . . . . Derelict Logs Recovered 2 | . . 1 . 1 . . . . . . Drone Launches . | . . . . . . . . . . . Drone Recoveries . | . . . . . . . . . . . Exploration | -11 -10 -10 -9 -9 -9 -8 -8 -8 -7 -7 ------------- Run | Scr Mat Min Mat Min Exi Min Mat Sto Fac Was Turns Passed 17176 | 75 1885 1610 3504 2081 587 814 2859 2487 1216 58 Spaces Moved 5718 | 42 672 607 1165 761 226 290 826 763 353 13 Core 11 | 11 . . . . . . . . . . Treads 5707 | 31 672 607 1165 761 226 290 826 763 353 13 Legs . | . . . . . . . . . . . Wheels . | . . . . . . . . . . . Hover . | . . . . . . . . . . . Flight . | . . . . . . . . . . . Fastest Speed 50 | 50 160 260 260 260 260 260 160 255 255 255 Average Speed 253 | 155 220 260 260 260 260 260 259 255 255 255 Slowest Speed 260 | 250 260 260 260 260 260 260 260 260 255 260 Overloaded Moves . | . . . . . . . . . . . Propulsion Burnouts . | . . . . . . . . . . . Robots Hopped . | . . . . . . . . . . . Cave-ins Triggered . | . . . . . . . . . . . Exploration Rate (%) 63 | 5 88 93 95 97 58 54 83 92 7 24 Regions Visited 10 Branch Regions 5 Pre-discovered Areas 5 | . 2 1 . 1 1 . . . . . Known Exits Taken 1 | . . . 1 . . . . . . . Unknown Exits Taken 8 | 1 1 1 . 1 1 1 1 1 . . Scrap Searched 4 | . . 1 . 1 . 2 . . . . Spaces Dug 30 | . . . . . . . 26 . 4 . Terrain Destroyed 102 | . . . . 57 . . 41 . 4 . Melee 4 | . . . . . . . . . 4 . Projectile 14 | . . . . 3 . . 11 . . . AOE 84 | . . . . 54 . . 30 . . . Terrain Rammed . | . . . . . . . . . . . Walls Destroyed . | . . . . . . . . . . . Machines Disabled . | . . . . . . . . . . . Actions | -11 -10 -10 -9 -9 -9 -8 -8 -8 -7 -7 --------- Run | Scr Mat Min Mat Min Exi Min Mat Sto Fac Was Total 7486 | 49 938 625 1510 823 227 328 1279 1119 566 22 Wait 980 | . 143 4 219 27 . 20 233 210 122 2 Move 5709 | 41 671 606 1164 760 225 289 825 762 353 13 Hop . | . . . . . . . . . . . Pick Up 96 | 2 23 . 13 2 . 2 24 20 10 . Fast Attach 41 | 6 6 . 5 . . 2 10 7 5 . Attach 27 | . 1 . 2 1 . . 10 6 7 . Detach 1 | . . . 1 . . . . . . . Swap 64 | . 6 2 15 4 1 . 16 8 11 1 Drop 94 | . 9 3 21 2 1 3 21 23 11 . Fire 416 | . 72 4 65 20 . 10 132 67 40 6 Melee 5 | . . . . . . . . 1 4 . Ram . | . . . . . . . . . . . Kick . | . . . . . . . . . . . Crush 51 | . 7 6 5 7 . 2 8 15 1 . Escape Stasis 2 | . . . . . . . . . 2 . Rewire . | . . . . . . . . . . . Trap . | . . . . . . . . . . . Miscellaneous . | . . . . . . . . . . . Route ------- -11/Scrapyard -10/Materials (discovered 3 exits: *Mat x2 / [*Min]) -10/Mines (discovered 2 exits: *Mat x2) -9/Materials (discovered 4 exits: *Mat x3 / *Min) -9/Mines (discovered 4 exits: *Mat x2 / *Exi / [*Zio]) -9/Exiles -8/Mines -8/Materials (discovered 5 exits: *Fac x3 / *Sto x2) -8/Storage -7/Factory (discovered 2 exits: Low x2) -7/Waste History --------- Turn | Location | Event 38 | -11/Scrapyard | Discovered new exit (range 15) 76 | -11/Scrapyard | Entered Materials 314 | -10/Materials | Build established: Mutant 387 | -10/Materials | Repaired Lgt. Treads 425 | -10/Materials | Repaired Broken Lgt. Treads 452 | -10/Materials | Repaired Assault Rifle 577 | -10/Materials | Discovered new exit (range 16) 962 | -10/Materials | Core integrity fell below 50% 1278 | -10/Materials | Discovered new exit (range 16) 1678 | -10/Materials | Discovered new exit (range 16) 1961 | -10/Materials | Entered Mines 2051 | -10/Mines | Joined a pair of Derelicts in attacking an 0b10 outpost 2143 | -10/Mines | Learned location of Mines (-8) 2473 | -10/Mines | Discovered new exit (range 9) 2648 | -10/Mines | Discovered new exit (range 3) 3188 | -10/Mines | Assisted by bots powering up and referring to "LRC-V3" 3571 | -10/Mines | Entered Materials 3571 | -9/Materials | Accompanied by 3 allies 3571 | -9/Materials | Evolved 2 slots: Utility x2 4006 | -9/Materials | Build established: Scavenger-Mutant 4383 | -9/Materials | Discovered new exit (range 8) 4518 | -9/Materials | Discovered new exit (range 12) 4773 | -9/Materials | Identified exit to Mines 5655 | -9/Materials | Repaired Lgt. Armor Plating 5812 | -9/Materials | Discovered new exit (range 16) 6053 | -9/Materials | Discovered new exit (range 16) 6213 | -9/Materials | Build established: Mutant 6437 | -9/Materials | Repaired Adv. Beam Cannon 7075 | -9/Materials | Entered Mines 7708 | -9/Mines | A Derelict revealed a hidden shortcut to a safe place 7741 | -9/Mines | Learned location of Storage (-8) 7814 | -9/Mines | Discovered new exit (range 11) 7945 | -9/Mines | Assembled infested the area 8828 | -9/Mines | Deemed a non-threat by the Exiles lab entrance 9062 | -9/Mines | Discovered new exit (range 5) 9145 | -9/Mines | Discovered new exit (range 5) 9156 | -9/Mines | Entered Exiles 9221 | -9/Exiles | Met 8R-AWN 9263 | -9/Exiles | Met EX-HEX 9370 | -9/Exiles | Met EX-DEC 9388 | -9/Exiles | Learned location of Zion (-7) 9712 | -9/Exiles | Discovered new exit (range 14) 9743 | -9/Exiles | Entered Mines 9859 | -8/Mines | Discovered new exit (range 8) 10557 | -8/Mines | Entered Materials 10557 | -8/Materials | Evolved 2 slots: Propulsion x1, Utility x1 10759 | -8/Materials | Repaired Med. Armor Plating 11184 | -8/Materials | Lost 4 parts (1p1u2w) 11297 | -8/Materials | Discovered new exit (range 16) 11398 | -8/Materials | Repaired Med. Armor Plating 11431 | -8/Materials | Repaired Med. Armor Plating 11459 | -8/Materials | Repaired Lgt. Treads 11492 | -8/Materials | Repaired Cooling System 11662 | -8/Materials | Discovered new exit (range 11) 11848 | -8/Materials | Build established: Scavenger-Mutant 11972 | -8/Materials | Discovered new exit (range 16) 12518 | -8/Materials | Build established: Mutant 12606 | -8/Materials | Discovered new exit (range 13) 12752 | -8/Materials | Garrison activated, responded to threat 12873 | -8/Materials | Discovered new exit (range 16) 13416 | -8/Materials | Entered Storage 13690 | -8/Storage | Assisted by bots powering up and referring to "LRC-V3" 13907 | -8/Storage | Met a pair of Derelict thieves 14038 | -8/Storage | Lost 3 parts (1p1n1u) 14692 | -8/Storage | Found Prototype Launcher 14692 | -8/Storage | Identified Gui. Missile Launcher 15014 | -8/Storage | Found Prototype Protection 15014 | -8/Storage | Identified Lgt. Regenerative Plating 15143 | -8/Storage | Discovered new exit (range 10) 15409 | -8/Storage | Core integrity fell below 50% 15903 | -8/Storage | Entered Factory 15903 | -7/Factory | Evolved 2 slots: Utility x2 16115 | -7/Factory | Identified exit to Lower Caves 16706 | -7/Factory | Garrison activated, responded to threat 16804 | -7/Factory | Lost 3 parts (2n1w) 17007 | -7/Factory | Fabricated Imp. Armor Integrity Analyzer (x1) 17119 | -7/Factory | Sucked down chute 17119 | -7/Factory | Entered Waste 17134 | -7/Waste | EMP discharged 17142 | -7/Waste | Spotted C-40 Crusher 17149 | -7/Waste | Spotted C-40 Crusher 17172 | -7/Waste | Crushed by Compactor (1 part destroyed, 2 dropped) 17174 | -7/Waste | Spotted C-40 Crusher 17174 | -7/Waste | Spotted C-40 Crusher 17174 | -7/Waste | Spotted C-40 Crusher 17177 | -7/Waste | Crushed by Compactor (1 part destroyed, 2 dropped) 17177 | -7/Waste | Self-destructed Last Messages --------------- 17075_ K-01 Serf cleans the Nuclear Reactor. 17082_ W/ L=2B%RNCE2IG4|ST0 17083_ K-01 Serf cleans the Nuclear Reactor. 17083_ Slammed into K-01 Serf. 17119_ Triggered Chute Trap. 17119_ A hatch slides open and sucks a vortex of air into the floor. LOCATION=UNKNOWN GOAL=ESCAPE 17124_ ALERT: Foreign system detected. Charging EMP. 17134_ System corrupted (+5). 17138_ System corrupted: Heat flow error (+192). 17163_ U%P4DVCA7 Z758%JCXXCWMBJW